 Dungeon Crawl Stone Soup version 0.31-a0-221-gbddc013574 (webtiles) character file.

Game seed: 15858331968904818182

38 Nietzsche the Chopper (level 3, -5/30 HPs)
             Began as a Draconian Gladiator on July 4, 2023.
             Slain by an orc
             ... wielding a +0 heavy mace
              (12 damage)
             ... on level 2 of the Dungeon.
             The game lasted 00:00:59 (203 turns).

Nietzsche the Chopper (Draconian Gladiator)          Turns: 203, Time: 00:00:59

Health: -5/30      AC:  5    Str: 16    XL:     3   Next: 25%
Magic:  4/4        EV: 12    Int: 10    God:
Gold:   9          SH:  0    Dex: 12    Spells: 4/4 levels left

rFire   . . .        a - +0 war axe
rCold   . . .        (no shield)
rNeg    . . .        (body armour unavailable)
rPois   .            b - +0 hat
rElec   .            (no cloak)
rCorr   .            (no gloves)
SInv    .            (no boots)
Will    .....        (no amulet)
Stlth   +            (no ring)
HPRegen 0.25/turn    (no ring)
MPRegen 0.09/turn

%: no passive effects
@: no status effects
A: AC +5, unfitting armour, cold-blooded
a: no special abilities


You were on level 2 of the Dungeon.
You visited 1 branch of the dungeon, and saw 2 of its levels.

You collected 9 gold pieces.

Inventory:

Hand Weapons
 a - a +0 war axe (weapon)
Missiles
 c - 4 throwing nets (quivered)
 d - a javelin
Armour
 b - a +0 hat (worn)


   Skills:
 + Level 2.3 Fighting
 + Level 3.6 Axes
 - Level 1.7 Throwing
 + Level 3.1 Dodging
 * Level 1.1 Spellcasting


You had 4 spell levels left.
You didn't know any spells.
Your spell library was empty.

Dungeon Overview and Level Annotations

Branches:
Dungeon (1/15)

Altars:


Innate Abilities, Weirdness & Mutations

Your plain brown scales are hard. (AC +5)
You cannot fit into any form of body armour.
You are cold-blooded and may be slowed by cold attacks.


Message History

2 orcs come into view.
An orc is wielding a +0 heavy mace.
Found a sapphire potion.
The orc shouts!
An adder comes into view.
You see here an adder corpse.
A goblin comes into view. It is wielding a +0 dagger.
The goblin hits you but does no damage. The goblin attacks as you move away!
The goblin hits you but does no damage. The goblin closely misses you.
The goblin hits you but does no damage. The goblin attacks as you move away!
The goblin hits you but does no damage. The goblin hits you but does no damage.
You are too injured to fight recklessly!
You are too injured to fight recklessly!
You are too injured to fight recklessly!
You are too injured to fight recklessly!
It was a potion of cancellation.
You feel magically purged. The goblin hits you but does no damage.
It was a potion of magic.
Magic courses through your body. The goblin hits you but does no damage.
You slash the goblin!
You kill the goblin!
You hit the orc.
The orc is moderately wounded.
The orc closely misses you.
You hit the orc.
You kill the orc!
An orc comes into view. It is wielding a +0 dagger.
The orc barely misses you.
The orc shouts!
You hit the orc.
The orc is heavily wounded.
You barely miss the orc.
The orc is heavily wounded.
The orc hits you with a +0 heavy mace!
* * * LOW HITPOINT WARNING * * *
You hit the orc.
The orc is almost dead.
The orc hits you with a +0 heavy mace!
You die...

##### ## ## ###
##.#.###.#.####@#
#.##....##.##..o##
.##....##.#.##.o#
###.......##...#.###
......o............#
##################.#
... #.# ..


You could see 2 orcs.

Vanquished Creatures
  2 adders (D:2)
  A dart slug (D:1)
  An orc (D:2)
  3 bats (D:1)
  An endoplasm (D:1)
  A giant cockroach (D:1)
  3 goblins
  A hobgoblin (D:1)
  2 frilled lizards (D:1)
  2 kobolds (D:1)
  A rat (D:1)
18 creatures vanquished.

Notes
Turn   | Place    | Note
-------+----------+-------------------------------------------
     0 | D:1      | Nietzsche the Draconian Gladiator began the quest for the
                  | Orb.
     0 | D:1      | Reached XP level 1. HP: 17/17 MP: 1/1
    88 | D:1      | Reached XP level 2. HP: 21/24 MP: 2/2
   154 | D:1      | You fall into a shaft and drop 1 floor!
   169 | D:2      | Reached skill level 1 in Spellcasting
   174 | D:2      | Reached XP level 3. HP: 10/30 MP: 4/4
   203 | D:2      | Slain by an orc

Illustrated notes

Levels and vault maps discovered:
D:1:      sevenhm_arrival_forest_fort_large_2, layout_rooms,
          shapermc_ecumenical_altar_starsandcircs, palyth_stone_intersect,
          chequers_serial_rivers_large_a
D:2:      layout_basic, grunt_ministairs_13, serial_park_tiny_2,
          hangedman_decor_growths, minmay_misc_feat_rugged, minmay_tetromino_i4

Skill      XL: |  1  2 |
---------------+-------+-----
Spellcasting   | 1 |  1.1
Dodging        | 3 |  3.1
Fighting       | |  2.3
Axes           | |  3.6
Throwing       | |  1.7

Action                     || total
---------------------------++-------
  Melee: War axe           ||    48
         Tailslap          ||     6
    Use: Potion            ||     2
   Stab: Distracted        ||     1
 Armour: Skin              ||    31
  Dodge: Dodged            ||    38

Table legend: (Time is in decaauts)
 A = Elapsed time spent in this place.
 B = Non-inter-level travel time spent in this place.
 C = Inter-level travel time spent in this place.
 D = Time resting spent in this place.
 E = Time spent auto-exploring this place.
 F = Levels seen in this place.
 G = Mean time per level.
                   A        B        C        D        E       F      G
               +--------+--------+--------+--------+--------+-----+--------+
         Total |    220 |    220 |      0 |      0 |     97 |   2 |  110.0 |
       Dungeon |    220 |    220 |      0 |      0 |     97 |   2 |  110.0 |
               +--------+--------+--------+--------+--------+-----+--------+

Top non-repeatable levels by time:
     D:1: 165 daAuts
     D:2: 54 daAuts
